 Dungeon Sprint DCSS version 0.19.1 (webtiles) character file.

220426 equalderp2856 the Sabretooth (level 16, -13/100 HPs)
             Began as a Felid Fighter on Nov 29, 2016.
             Was the Champion of Trog.
             Mangled by an Orb Guardian (41 damage)
             ... in the Dungeon (Sprint IX: "|||||||||||||||||||||||||||||").
             The game lasted 00:54:44 (23025 turns).

equalderp2856 the Sabretooth (Felid Fighter)       Turns: 23025, Time: 00:54:45

Health: -13/100    AC:  7    Str: 20    XL:     16   Next: 64%
Magic:  34/34      EV: 40    Int: 12    God:    Trog [******]
Gold:   1544       SH:  0    Dex: 18    Spells: 0 memorised, 15 levels left
                                        Lives:  0   Deaths: 5

rFire  . . .     SeeInvis +       - Unarmed
rCold  + . .     Gourm    .     (armour unavailable)
rNeg   . . .     Faith    .     (shield unavailable)
rPois  .         Spirit   .     (helmet unavailable)
rElec  .         Reflect  .     (cloak unavailable)
rCorr  .         Harm     .     (gloves unavailable)
MR     ++...     NoTele   +     (boots unavailable)
Stlth  +++++++++.               (no amulet)
                                B - +6 ring of strength
                                A - +4 ring of protection

@: quick
A: no armour, no weapons or thrown items, stealth, claws 1, fangs 3, see
invisible, carnivore 3, speed 1, shaggy fur 3, slow metabolism 1, sharp paws
a: Berserk, Trog's Hand, Brothers in Arms, Burn Spellbooks, Renounce Religion
}: 5/15 runes: decaying, serpentine, barnacled, silver, gossamer


You were in the Dungeon.
You worshipped Trog.
Trog was exalted by your worship.
You were hungry.

You visited 1 branch You collected 1937 gold pieces.
You spent 393 gold pieces at shops.

Inventory:

Jewellery
 m - a +3 ring of intelligence
 n - a +3 ring of strength
 u - an uncursed ring of protection from fire
 v - an uncursed ring of protection from cold
 w - an uncursed ring of protection from magic
 x - an uncursed ring of poison resistance
 A - a +4 ring of protection (left paw)
 B - a +6 ring of strength (right paw)
 C - an uncursed ring of positive energy
 D - a +6 ring of strength
 E - a +6 ring of intelligence
 F - the ring "Ibedem" {rPois AC+4}
   (You found it in the Dungeon)

   [ring of protection]

   It affects your AC (+4).
   It protects you from poison.
 I - the ring of Qirchaeg {rF++ MR+ Int+2}
   (You found it in the Dungeon)

   [ring of protection from magic]

   It affects your intelligence (+2).
   It greatly protects you from fire.
   It affects your resistance to hostile enchantments.
 J - the ring "Jiathrafi" {EV+3 Int+4}
   (You found it in the Dungeon)

   [ring of evasion]

   It affects your evasion (+3).
   It affects your intelligence (+4).
 K - the ring "Inab" {rC++ rN++ AC+3 Str-4}
   (You found it in the Dungeon)

   [ring of protection]

   It affects your AC (+3).
   It affects your strength (-4).
   It greatly protects you from cold.
   It greatly protects you from negative energy.
 L - the ring of Ludip {Ice rN+}
   (You found it in the Dungeon)

   [ring of ice]

   It enhances your ice magic.
   It makes you vulnerable to fire.
   It protects you from cold.
   It protects you from negative energy.
Wands
 l - a wand of iceblast (7/15)
 s - a wand of teleportation (2/9)
 t - a wand of paralysis (0/24)
 N - a wand of hasting (5/9)
Scrolls
 h - 3 scrolls of blinking
 j - 8 scrolls of remove curse
 k - 2 scrolls of amnesia
 p - 2 scrolls of fear
 q - 5 scrolls of identify
 r - 6 scrolls of fog
 y - 6 scrolls of recharging
Potions
 a - 4 potions of might
 c - 4 potions of curing
 d - a potion of invisibility
 e - 5 potions of haste
 f - 5 potions of magic
 g - 2 potions of berserk rage
 i - 2 potions of heal wounds
 o - 3 potions of brilliance
 z - 2 potions of cure mutation
 H - a potion of degeneration {unknown}
 M - 2 potions of resistance
 O - a potion of ambrosia
Miscellaneous
 G - a lamp of fire
Comestibles
 b - 4 meat rations


   Skills:
 O Level 27 Fighting
 O Level 27 Dodging
 O Level 27 Stealth
 O Level 27 Unarmed Combat
 O Level 27 Evocations


You had 15 spell levels left.
You didn't know any spells.

Dungeon Overview and Level Annotations

Branches:
Dungeon (1/1)

Altars:
Cheibriados
Dithmenos
Elyvilon
Fedhas
Gozag
Hepliaklqana
Kikubaaqudgha
Makhleb
Nemelex Xobeh
Okawaru
Qazlal
Ru
Sif Muna
Trog
Uskayaw
Vehumet
Xom
Yredelemnul
Zin
The Shining One
Beogh
Jiyva
Lugonu

Shops:
D *![?


Innate Abilities, Weirdness & Mutations

You cannot wear armour.
You are incapable of wielding weapons or throwing items.
Your paws allow you to move quietly. (Stealth)
You have sharp claws.
You have razor-sharp teeth.
You have supernaturally acute eyesight. (SInv)
You are carnivorous and can eat meat at any time.
You cover ground quickly.
Your thick and shaggy fur keeps you warm. (AC +3, rC+)
You have a slow metabolism.
Your sharp claws are effective at attacking unaware monsters.


Message History

Your iron troll's corpse disappears in a puff of smoke!
You eviscerate the Orb Guardian!!!
The Orb Guardian is severely wounded.
The Orb Guardian completely misses you.
You closely miss the Orb Guardian. You claw the Orb Guardian!
You kill the Orb Guardian!
Trog accepts your kill. The Orb Guardian completely misses you.
The Orb Guardian hits you!!
You miss the Orb Guardian.
You scratch the Orb Guardian but do no damage.
Your claw misses the Orb Guardian. The Orb Guardian hits you.
You completely miss the Orb Guardian. The Orb Guardian hits you!!
* * * LOW HITPOINT WARNING * * *
You completely miss the Orb Guardian. You scratch the Orb Guardian.
The Orb Guardian is lightly wounded.
The Orb Guardian hits you!!
* * * LOW HITPOINT WARNING * * *
You feel much better. The Orb Guardian hits you!!!
You die...

[...)))))))............'.......▓
▓▓▓▓▓▓▓▓▓▓▓▓▓▓▓▓▓▓▓▓▓▓▓▓▓▓▓▓▓▓▓▓
)..[..).[...(....[)....).......▓
▓▓▓▓▓▓▓▓▓▓▓▓▓▓▓▓▓▓▓▓▓▓▓▓▓▓▓▓▓▓)▓
)...'.)))))....)['...[.....[)..▓
▓▓▓▓▓▓▓▓▓▓▓▓▓▓▓▓▓▓▓▓▓▓▓▓▓▓▓▓▓▓▓▓
...............................▓
▓▓▓▓▓▓▓▓▓▓▓▓▓▓▓▓▓▓▓▓▓▓▓▓▓▓▓▓▓▓.▓
+....X@....'.........▓
▓▓▓▓▓▓▓▓▓▓▓▓▓▓▓▓▓▓▓▓▓▓


You could see an Orb Guardian.

Vanquished Creatures
  Mara (D)
  Boris (D)
  Frederick (D)
  Margery (D)
  Nikola (D)
  A tentacled monstrosity (D)
  3 Orb Guardians (D)
  A quicksilver dragon (D)
  A titan (D)
  A death cob (D)
  2 shadow dragons (D)
  Kirke (D)
  Agnes (D)
  4 storm dragons (D)
  2 draconian monks (D)
  3 tengu reavers (D)
  2 nagarajas (D)
  A frost giant (D)
  A ghost moth (D)
  A fire giant (D)
  3 draconian knights (D)
  A draconian zealot (D)
  A draconian scorcher (D)
  6 emperor scorpions (D)
  3 ironheart preservers (D)
  2 draconian callers (D)
  A draconian shifter (D)
  4 draconian annihilators (D)
  An entropy weaver (D)
  A stone giant (D)
  A black draconian (D)
  A green draconian (D)
  A vampire knight (D)
  Nessos (D)
  A mottled draconian (D)
  A white draconian (D)
  A spark wasp (D)
  A purple draconian (D)
  3 yellow draconians (D)
  6 fire dragons (D)
  Snorg (D)
  2 merfolk impalers (D)
  3 merfolk javelineers (D)
  3 ettins (D)
  Josephine (D)
  2 yaktaur captains (D)
  6 ogre magi (D)
  2 naga warriors (D)
  2 great orbs of eyes (D)
  25 vault guards (D)
  A rakshasa (D)
  Erolcha (D)
  A merfolk avatar (D)
  4 ice dragons (D)
  8 hydras (D)
  3 merfolk aquamancers (D)
  A deep troll shaman (D)
  An alligator (D)
  A death knight (D)
  A hell knight (D)
  4 orc high priests (D)
  A shadow wraith (D)
  An unseen horror (D)
  2 sea snakes (D)
  3 swamp dragons (D)
  6 orc knights (D)
  2 ironbrand convokers (D)
  A necromancer (D)
  3 hill giants (D)
  A lindwurm (D)
  A cyclops (D)
  3 moths of wrath (D)
  3 wolf spiders (D)
  A black mamba (D)
  A siren (D)
  3 guardian serpents (D)
  A gargoyle (D)
  3 naga magi (D)
  A vault sentinel (D)
  Psyche (D)
  4 spiny frogs (D)
  A komodo dragon (D)
  A demonic crawler (D)
  A rime drake (D)
  2 merfolk (D)
  4 jumping spiders (D)
  A troll (D)
  A hornet (D)
  A tyrant leech (D)
  A snapping turtle (shapeshifter) (D)
  A slime creature (D)
  A dream sheep (D)
  A blink frog (D)
  A hippogriff (D)
  2 snapping turtles (D)
  2 redbacks (D)
  2 yaks (D)
  A shadow (D)
  A tarantella (D)
  3 hogs (D)
  A basilisk (D)
  5 wraiths (D)
  Eustachio (D)
  Grum (D)
  2 vampire mosquitoes (D)
  2 nagas (D)
  A floating eye (D)
  A porcupine (D)
  3 water moccasins (D)
  9 orc warriors (D)
  3 swamp drakes (D)
  4 wolves (D)
  4 crocodiles (D)
  5 bullfrogs (D)
  A killer bee (D)
  A crimson imp (D)
  A hound (D)
  5 orc wizards (D)
  8 orc priests (D)
  An iguana (D)
  A worker ant (D)
  2 shadow imps (D)
  A worm (D)
  A leopard gecko (D)
  12 orcs (D)
  A bat zombie (D)
  2 giant cockroaches (D)
  A goblin (D)
  A quokka (D)
  A frilled lizard (D)
295 creatures vanquished.

Vanquished Creatures (collateral kills)
  Sojobo (D)
  Xtahua (D)
  Saint Roka (D)
  2 golden dragons (D)
  A bone dragon (D)
  7 Orb Guardians (D)
  2 tentacled monstrosities (D)
  2 quicksilver dragons (D)
  3 shadow dragons (D)
  2 storm dragons (D)
  3 nagarajas (D)
  Ilsuiw (D)
  3 ironheart preservers (D)
  5 stone giants (D)
  A red draconian (D)
  A black draconian (D)
  A yellow draconian (D)
  A merfolk javelineer (D)
  A crystal guardian (D)
  2 yaktaur captains (D)
  An ice dragon (D)
  A hydra (D)
  3 naga warriors (D)
  A tengu warrior (D)
  An alligator (D)
  2 orc high priests (D)
  A deep elf knight (D)
  4 hell knights (D)
  A spriggan druid (D)
  A hill giant (shapeshifter) (D)
  A swamp dragon (D)
  3 lindwurms (D)
  2 ironbrand convokers (D)
  A necromancer (D)
  An orb spider (D)
  A manticore (D)
  A wolf spider (D)
  A guardian serpent (D)
  2 naga magi (D)
  A torpor snail (D)
  3 yaktaurs (D)
  A merfolk (D)
  A hornet (D)
  A tyrant leech (D)
  A slime creature (D)
  A wind drake (D)
  A tarantella (D)
  A water elemental (D)
  A warg (D)
  3 orc priests (D)
  2 worms (D)
  An orc (D)
88 creatures vanquished.

Vanquished Creatures (others)
  A golden dragon (D)
  3 humans (D)
4 creatures vanquished.

Grand Total: 387 creatures vanquished

Notes
Turn   | Place    | Note
-------+----------+-------------------------------------------
     0 | D        | equalderp2856 the Felid Fighter began the quest for the Orb.
     0 | D        | Reached XP level 1. HP: 10/10 MP: 2/2
   205 | D        | Noticed a worker ant
   205 | D        | Noticed an iguana
   206 | D        | Reached XP level 2. HP: 14/14 MP: 3/3
   208 | D        | Reached skill level 5 in Dodging
   208 | D        | Reached skill level 5 in Unarmed Combat
   216 | D        | Reached XP level 3. HP: 5/18 MP: 4/4
   367 | D        | Found a roughly hewn altar of Beogh.
   367 | D        | Found a snail-covered altar of Cheibriados.
   367 | D        | Found a shadowy altar of Dithmenos.
   367 | D        | Found a white marble altar of Elyvilon.
   367 | D        | Found a blossoming altar of Fedhas.
   367 | D        | Found an opulent altar of Gozag.
   368 | D        | Found a hazy altar of Hepliaklqana.
   369 | D        | Found a viscous altar of Jiyva.
   370 | D        | Found an ancient bone altar of Kikubaaqudgha.
   371 | D        | Found a corrupted altar of Lugonu.
   372 | D        | Found a burning altar of Makhleb.
   373 | D        | Found a sparkling altar of Nemelex Xobeh.
   374 | D        | Found an iron altar of Okawaru.
   375 | D        | Found a stormy altar of Qazlal.
   376 | D        | Found a sacrificial altar of Ru.
   377 | D        | Found a deep blue altar of Sif Muna.
   378 | D        | Found a bloodstained altar of Trog.
   379 | D        | Found a hide-covered altar of Uskayaw.
   380 | D        | Found a radiant altar of Vehumet.
   381 | D        | Found a shimmering altar of Xom.
   382 | D        | Found a basalt altar of Yredelemnul.
   383 | D        | Found a glowing silver altar of Zin.
   384 | D        | Found a glowing golden altar of the Shining One.
   438 | D        | Became a worshipper of Trog the Wrathful
   460 | D        | Noticed a bullfrog
   460 | D        | Noticed a bullfrog
   478 | D        | Reached skill level 1 in Stealth
   478 | D        | Reached XP level 4. HP: 12/22 MP: 5/5
   490 | D        | Killed a bullfrog
   490 | D        | Reached * piety under Trog
   490 | D        | Reached skill level 5 in Fighting
   490 | D        | Reached XP level 5. HP: 5/26 MP: 6/6
   528 | D        | Slain by a bullfrog
   529 | D        | Reached XP level 4. HP: -1/23 MP: 5/5
   535 | D        | Killed a bullfrog
   535 | D        | Reached skill level 10 in Unarmed Combat
   535 | D        | Reached XP level 5. HP: 27/27 MP: 6/6
   538 | D        | Reached ** piety under Trog
   585 | D        | Noticed a hill giant
   585 | D        | Noticed a gargoyle
   585 | D        | Noticed a shadow
   585 | D        | Noticed a basilisk
   585 | D        | Noticed a komodo dragon
   596 | D        | Killed a komodo dragon
   596 | D        | Gained mutation: You are covered in thick fur. (AC +2) [Felid growth]
   596 | D        | Reached XP level 6. HP: 21/31 MP: 7/7
   606 | D        | Killed a basilisk
   606 | D        | Reached skill level 10 in Dodging
   606 | D        | Reached XP level 7. HP: 25/35 MP: 8/8
   612 | D        | Killed a shadow
   622 | D        | Killed a gargoyle
   622 | D        | Reached *** piety under Trog
   622 | D        | Reached skill level 5 in Stealth
   622 | D        | Reached XP level 8. HP: 14/39 MP: 9/9
  1004 | D        | Killed a hill giant
  1004 | D        | Reached skill level 15 in Unarmed Combat
  1272 | D        | Noticed a rime drake
  1280 | D        | Noticed a spiny frog
  1291 | D        | Reached **** piety under Trog
  1665 | D        | Killed a rime drake
  1665 | D        | Reached XP level 9. HP: 42/43 MP: 10/10
  1876 | D        | Killed a spiny frog
  1876 | D        | Reached ***** piety under Trog
  2244 | D        | Noticed a spiny frog
  2244 | D        | Noticed a spiny frog
  2253 | D        | Killed a spiny frog
  2481 | D        | Killed a spiny frog
  2481 | D        | Reached ****** piety under Trog
  2504 | D        | Reached XP level 10. HP: 33/47 MP: 11/11
  2604 | D        | Noticed a lindwurm
  2604 | D        | Noticed a lindwurm
  2604 | D        | Noticed a lindwurm
  2604 | D        | Noticed a lindwurm
  2606 | D        | Killed a lindwurm
  2628 | D        | Killed a lindwurm
  2631 | D        | Killed a lindwurm
  2633 | D        | Killed a lindwurm
  2695 | D        | Noticed Erolcha
  2700 | D        | Noticed Grum
  2703 | D        | Killed Erolcha
  2712 | D        | Killed Grum
  2738 | D        | Noticed Eustachio
  2745 | D        | Killed Eustachio
  3100 | D        | Noticed an orc high priest
  3102 | D        | Reached skill level 10 in Stealth
  3105 | D        | Killed an orc high priest
  3118 | D        | Hit by a silver tomahawk thrown by an orc warrior
  3119 | D        | Reached XP level 9. HP: 0/44 MP: 10/10
  3290 | D        | Reached XP level 10. HP: 33/48 MP: 11/11
  3305 | D        | Noticed an orc knight
  3513 | D        | Killed an orc knight
  3606 | D        | Found Siofoki's Magic Scroll Boutique.
  3606 | D        | Noticed an orc high priest
  3606 | D        | Noticed an orc high priest
  3609 | D        | Noticed a rust devil
  3615 | D        | Killed an orc high priest
  3618 | D        | Noticed a smoke demon
  3625 | D        | Found Ulass's Armour Shop.
  3625 | D        | Killed an orc high priest
  3629 | D        | Found Qiurooniq's Distillery.
  3633 | D        | Found Bonee's General Store.
  3811 | D        | Noticed an orc high priest
  3812 | D        | Noticed an orc high priest
  3815 | D        | Noticed an orc high priest
  3817 | D        | Noticed a sun demon
  3829 | D        | Noticed an orange demon
  3839 | D        | Noticed a soul eater
  3980 | D        | Killed an orc high priest
  4025 | D        | Killed an orc high priest
  4276 | D        | Killed an orc high priest
  4370 | D        | Noticed Psyche
  4377 | D        | Killed Psyche
  4377 | D        | Reached skill level 15 in Dodging
  4459 | D        | Noticed a four-headed hydra
  4459 | D        | Noticed a hill giant
  4460 | D        | Reached XP level 11. HP: 51/51 MP: 12/12
  4463 | D        | Killed a hill giant
  4470 | D        | Killed a four-headed hydra
  4750 | D        | Noticed an ogre mage
  4953 | D        | Noticed an ogre mage
  4957 | D        | Killed an ogre mage
  4964 | D        | Killed an ogre mage
  4981 | D        | Noticed a stone giant
  4982 | D        | Noticed a stone giant
  4992 | D        | Killed a stone giant
  4997 | D        | Killed a stone giant
  5127 | D        | Noticed Kirke
  5148 | D        | Killed Kirke
  5148 | D        | Reached skill level 15 in Stealth
  5155 | D        | Noticed Saint Roka
  5175 | D        | Killed Saint Roka
  5175 | D        | Gained mutation: Your thick and shaggy fur keeps you warm. (AC +3, rC+) [Felid growth]
  5175 | D        | Reached XP level 12. HP: 45/56 MP: 13/13
  5204 | D        | Noticed Josephine
  5218 | D        | Killed Josephine
  5391 | D        | Noticed an eight-headed hydra
  5391 | D        | Noticed an alligator
  5392 | D        | Noticed an alligator
  5403 | D        | Killed an alligator
  5405 | D        | Killed an eight-headed hydra
  5438 | D        | Killed an alligator
  6006 | D        | Noticed a naga warrior
  6008 | D        | Noticed a naga warrior
  6011 | D        | Noticed a naga warrior
  6019 | D        | Killed a naga warrior
  6021 | D        | Killed a naga warrior
  6025 | D        | Killed a naga warrior
  6523 | D        | Noticed Agnes
  6530 | D        | Killed Agnes
  6530 | D        | Reached XP level 13. HP: 59/59 MP: 14/14
  6579 | D        | Noticed an emperor scorpion
  6815 | D        | HP: 1/59 [emperor scorpion[a spriggan druid] (27)]
  7251 | D        | Killed an emperor scorpion
  7311 | D        | Noticed a stone giant
  7311 | D        | Noticed an ettin
  7312 | D        | Noticed a stone giant
  7313 | D        | Killed an ettin
  7313 | D        | Reached skill level 1 in Evocations
  7316 | D        | Noticed a quicksilver dragon
  7335 | D        | Killed a stone giant
  7338 | D        | Killed a stone giant
  7348 | D        | Paralysed by a floating eye for 3 turns
  7352 | D        | Noticed a frost giant
  7356 | D        | Paralysed by a floating eye for 4 turns
  7358 | D        | Killed from afar by a quicksilver dragon
  7359 | D        | Reached XP level 12. HP: -9/56 MP: 14/14
  7496 | D        | Killed a quicksilver dragon
  7797 | D        | Killed a frost giant
  7812 | D        | Killed an ogre mage
  7844 | D        | Noticed a spark wasp
  7846 | D        | Noticed an ogre mage
  7854 | D        | Noticed a rakshasa
  7862 | D        | Killed a spark wasp
  7864 | D        | Killed an ogre mage
  7880 | D        | Killed a rakshasa
  7889 | D        | Noticed a vampire knight
  7909 | D        | Killed a vampire knight
  7994 | D        | Noticed an ice dragon
  7995 | D        | Noticed an ettin
  7997 | D        | Noticed a fire dragon
  8001 | D        | Killed an ice dragon
  8003 | D        | Killed an ettin
  8003 | D        | Reached skill level 27 in Unarmed Combat
  8007 | D        | Killed a fire dragon
  8007 | D        | Reached XP level 13. HP: 60/60 MP: 15/17
  8028 | D        | Noticed an ironheart preserver
  8284 | D        | Killed an ironheart preserver
  8429 | D        | Reached skill level 5 in Evocations
  8459 | D        | Noticed a crystal guardian
  8472 | D        | Killed a crystal guardian
  8610 | D        | Reached skill level 10 in Fighting
  8846 | D        | Noticed a stone giant
  8858 | D        | Killed a stone giant
  8860 | D        | Noticed an Orb Guardian
  8876 | D        | Killed an Orb Guardian
  9048 | D        | Noticed Boris
  9070 | D        | Killed Boris
  9199 | D        | Noticed Nessos
  9206 | D        | Killed Nessos
  9223 | D        | Noticed a tengu reaver
  9224 | D        | Noticed Mara
  9225 | D        | Noticed Sojobo
  9228 | D        | Noticed a tengu reaver
  9230 | D        | Killed a tengu reaver
  9232 | D        | Killed Mara
  9232 | D        | Reached skill level 27 in Stealth
  9232 | D        | Reached XP level 14. HP: 66/66 MP: 19/19
  9254 | D        | Killed Sojobo
  9615 | D        | Killed from afar by a tengu reaver
  9616 | D        | Reached XP level 13. HP: -1/63 MP: 18/18
  9748 | D        | Killed a tengu reaver
  9883 | D        | Noticed Frederick
  9890 | D        | Killed Frederick
  9952 | D        | Noticed a merfolk javelineer
  9952 | D        | Noticed a merfolk impaler
  9952 | D        | Noticed a merfolk javelineer
  9953 | D        | Noticed Ilsuiw
  9953 | D        | Noticed a merfolk javelineer
 10249 | D        | Killed a merfolk impaler
 10274 | D        | Killed a merfolk javelineer
 11268 | D        | Killed Ilsuiw
 11282 | D        | Killed a merfolk javelineer
 11309 | D        | Noticed a merfolk impaler
 11479 | D        | Killed a merfolk impaler
 11567 | D        | Noticed a merfolk javelineer
 11659 | D        | Killed a merfolk javelineer
 11747 | D        | Killed a merfolk javelineer
 11747 | D        | Reached XP level 14. HP: 70/70 MP: 19/19
 11774 | D        | Got a barnacled rune of Zot
 11783 | D        | Noticed a nagaraja
 11783 | D        | Noticed a nagaraja
 11783 | D        | Noticed a nagaraja
 11783 | D        | Noticed a nagaraja
 11783 | D        | Noticed a nagaraja
 11790 | D        | Killed a nagaraja
 11796 | D        | Killed a nagaraja
 11796 | D        | Reached skill level 27 in Dodging
 11805 | D        | Killed a nagaraja
 11809 | D        | Killed a nagaraja
 11812 | D        | Killed a nagaraja
 11829 | D        | Reached skill level 15 in Fighting
 12254 | D        | Got a serpentine rune of Zot
 12775 | D        | Got a decaying rune of Zot
 12882 | D        | Noticed an emperor scorpion
 12882 | D        | Noticed an emperor scorpion
 12885 | D        | Noticed an emperor scorpion
 12886 | D        | Killed an emperor scorpion
 12923 | D        | Killed an emperor scorpion
 13066 | D        | Killed an emperor scorpion
 13130 | D        | Noticed an emperor scorpion
 13132 | D        | Noticed an emperor scorpion
 13137 | D        | Killed an emperor scorpion
 13141 | D        | Killed an emperor scorpion
 13152 | D        | Got a gossamer rune of Zot
 13165 | D        | Noticed Snorg
 13175 | D        | Killed Snorg
 13333 | D        | Reached XP level 15. HP: 52/87 MP: 20/20
 14441 | D        | Noticed a tentacled monstrosity
 14441 | D        | Noticed a storm dragon
 14441 | D        | Noticed a fire giant
 14445 | D        | Killed a fire giant
 14453 | D        | Killed a storm dragon
 14460 | D        | Killed a tentacled monstrosity
 14631 | D        | Noticed a shadow dragon
 14651 | D        | Killed a shadow dragon
 14885 | D        | Noticed a shadow dragon
 14892 | D        | Killed a shadow dragon
 14930 | D        | Noticed a shadow dragon
 14930 | D        | Noticed a quicksilver dragon
 14930 | D        | Noticed a shadow dragon
 14941 | D        | Killed a shadow dragon
 14941 | D        | Reached skill level 27 in Fighting
 14943 | D        | Killed a quicksilver dragon
 14950 | D        | Killed a shadow dragon
 14959 | D        | Noticed a shadow dragon
 14960 | D        | Noticed a titan
 15215 | D        | Killed a shadow dragon
 15215 | D        | Reached skill level 10 in Evocations
 15217 | D        | Killed a titan
 15220 | D        | Got a silver rune of Zot
 15238 | D        | Noticed Margery
 15255 | D        | Killed Margery
 15260 | D        | Reached XP level 16. HP: 34/100 MP: 25/27
 15544 | D        | Noticed Nikola
 15967 | D        | Killed Nikola
 15967 | D        | Reached skill level 15 in Evocations
 16043 | D        | Noticed Xtahua
 16182 | D        | Killed Xtahua
 16202 | D        | Got the ring "Ibedem" {rPois AC+4}
 16204 | D        | Got the ring of Qirchaeg {rF++ MR+ Int+2}
 16206 | D        | Got the ring "Jiathrafi" {EV+3 Int+4}
 16208 | D        | Got the ring "Inab" {rC++ rN++ AC+3 Str-4}
 16210 | D        | Got the ring of Ludip {Ice rN+}
 17563 | D        | Bought 2 potions of heal wounds for 120 gold pieces
 17563 | D        | Bought a potion of curing for 36 gold pieces
 17563 | D        | Bought a potion of curing for 36 gold pieces
 17563 | D        | Bought a potion of ambrosia for 96 gold pieces
 17565 | D        | Bought a scroll of blinking for 105 gold pieces
 18605 | D        | Noticed a tengu reaver
 18606 | D        | Noticed a storm dragon
 18715 | D        | Killed a tengu reaver
 19167 | D        | Killed a storm dragon
 19382 | D        | Noticed a storm dragon
 19388 | D        | Noticed a bone dragon
 19399 | D        | Killed a storm dragon
 20157 | D        | Killed a bone dragon
 20285 | D        | Noticed a golden dragon
 20285 | D        | Noticed a tentacled monstrosity
 20484 | D        | Killed a tentacled monstrosity
 20577 | D        | Killed a golden dragon
 20601 | D        | HP: 5/100 [poisoned by a golden dragon (poison gas)]
 20606 | D        | HP: 3/100 [poisoned by a golden dragon (poison gas)]
 20612 | D        | HP: 2/100 [poisoned by a golden dragon (poison gas)]
 20620 | D        | HP: 2/100 [poisoned by a golden dragon (poison gas)]
 20628 | D        | HP: 2/100 [poisoned by a golden dragon (poison gas)]
 21059 | D        | Noticed a tentacled monstrosity
 21059 | D        | Noticed a golden dragon
 21059 | D        | Noticed a storm dragon
 21059 | D        | Noticed a storm dragon
 21060 | D        | Noticed a storm dragon
 21061 | D        | Killed a storm dragon
 21081 | D        | Killed a golden dragon
 21084 | D        | Killed a tentacled monstrosity
 21089 | D        | Killed a storm dragon
 21092 | D        | Killed a storm dragon
 21502 | D        | Noticed a death cob
 21502 | D        | Noticed a black draconian monk
 21506 | D        | Killed a black draconian monk
 21506 | D        | Reached skill level 27 in Evocations
 21507 | D        | Noticed a golden dragon
 21521 | D        | Reached XP level 17. HP: 103/104 MP: 35/35
 21542 | D        | Slain by a death cob
 21543 | D        | Reached XP level 16. HP: -4/99 MP: 34/34
 21647 | D        | Killed a death cob
 21747 | D        | Killed a golden dragon
 22026 | D        | Noticed a quicksilver dragon
 22030 | D        | Killed a quicksilver dragon
 22976 | D        | Noticed an Orb Guardian
 22976 | D        | Noticed an Orb Guardian
 22976 | D        | Noticed an Orb Guardian
 22976 | D        | Noticed an Orb Guardian
 22976 | D        | Noticed an Orb Guardian
 22976 | D        | Noticed an Orb Guardian
 22977 | D        | Noticed an Orb Guardian
 22978 | D        | Killed an Orb Guardian
 22986 | D        | Killed an Orb Guardian
 22987 | D        | Killed an Orb Guardian
 22989 | D        | Killed an Orb Guardian
 22992 | D        | Killed an Orb Guardian
 22999 | D        | Noticed an Orb Guardian
 23000 | D        | Noticed an Orb Guardian
 23001 | D        | Noticed an Orb Guardian
 23008 | D        | Killed an Orb Guardian
 23010 | D        | Killed an Orb Guardian
 23012 | D        | Killed an Orb Guardian
 23018 | D        | Killed an Orb Guardian
 23024 | D        | HP: 4/100 [Orb Guardian (20)]
 23025 | D        | Mangled by an Orb Guardian

Skill      XL: |  1  2  3  4  5  6  7  8  9 10 11 12 13 14 15 16 |
---------------+-------------------------------------------------+-----
Dodging        | 5 6 8 9 10 11 12 13 15 16 18 26 27 | 27.0
Unarmed Combat | 6 7 10 12 14 16 18 21 23 27 26 | 27.0
Fighting       | 4 5 6 7 8 9 13 21 27 | 27.0
Stealth        | 1 2 3 4 5 6 8 12 15 20 27 | 27.0
Evocations     | 4 6 14 27 | 27.0

Action                   |  1- 3 |  4- 6 |  7- 9 | 10-12 | 13-15 | 16-18 || total
-------------------------+-------+-------+-------+-------+-------+-------++-------
Melee: Unarmed           |    54 |    33 |   120 |   295 |   470 |   227 ||  1199
       Bite              |     9 |     4 |    12 |    35 |    65 |    44 ||   169
       Punch             |     1 |     3 |    11 |    30 |    41 |    29 ||   115
Invok: Brothers in Arms  |       |       |       |    14 |    16 |    22 ||    52
       Burn Spellbooks   |       |       |       |       |     1 |     1 ||     2
Evoke: Wand              |       |       |       |       |     5 |       ||     5
  Use: Potion            |     2 |       |     1 |     5 |     4 |     7 ||    19
       Scroll            |       |       |       |       |     1 |     2 ||     3
 Stab: Distracted        |       |       |     1 |     4 |    10 |     7 ||    22
       Sleeping          |       |       |       |    16 |    15 |     9 ||    40
       Paralysed         |       |       |       |       |     1 |       ||     1
  Eat: Meat ration       |       |       |       |     3 |     3 |     3 ||     9
       Chunk             |       |       |       |     1 |       |       ||     1
Armor: Skin              |     2 |       |     1 |     2 |    11 |     7 ||    23
Dodge: Dodged            |    47 |    23 |    71 |   168 |   295 |   159 ||   763
